 Dungeon Crawl Stone Soup version 0.20-a0-494-gf50ee04 (webtiles) character file.

23 Leonis the Scratcher (level 2, -4/12 HPs)
             Began as a Felid Transmuter on Jan 16, 2017.
             Slain by an adder (5 damage)
             ... on level 2 of the Dungeon on Jan 17, 2017.
             The game lasted 00:04:57 (1427 turns).

Leonis the Scratcher (Felid Transmuter)             Turns: 1427, Time: 00:04:57

Health: -4/12      AC:  1    Str:  6    XL:     2   Next: 72%
Magic:  6/6        EV: 18    Int: 14    God:
Gold:   43         SH:  0    Dex: 16    Spells: 4/5 levels left
                                        Lives:  0   Deaths: 0

rFire    . . .     SeeInvis +     - Unarmed
rCold    . . .     Gourm    .   (armour unavailable)
rNeg     . . .     Faith    .   (shield unavailable)
rPois    .         Spirit   .   (helmet unavailable)
rElec    .         Reflect  .   (cloak unavailable)
rCorr    .         Harm     .   (gloves unavailable)
MR       .....                  (boots unavailable)
Stlth    ++........             (no amulet)
Regen    0.1/turn               (no ring)
                                (no ring)

@: lethally poisoned (-4 -> -11), quick
A: no armour, no weapons or thrown items, stealth, claws 1, fangs 3, see
invisible, carnivore 3, speed 1, shaggy fur 1, slow metabolism 1, sharp paws
a: no special abilities


You were on level 2 of the Dungeon.
You were completely stuffed.

You visited 1 branch of the dungeon, and saw 2 of its levels.

You collected 43 gold pieces.

Inventory:

Missiles
 a - 46 arrows
Scrolls
 e - 3 scrolls of recharging {unknown}
 h - a scroll of amnesia {unknown}
 i - a scroll of remove curse {unknown}
Potions
 d - a potion of invisibility {unknown}
 j - a potion of flight {unknown}
Books
 b - a book of Changes

   Spells                             Type                      Level
   a - Beastly Appendage              Transmutation                1
   b - Sticks to Snakes               Transmutation                2
   c - Spider Form                    Transmutation/Poison         3
   d - Ice Form                       Ice/Transmutation            4
   e - Blade Hands                    Transmutation                5
Comestibles
 c - a meat ration
 g - a royal jelly


   Skills:
 * Level 1.3 Fighting
 * Level 2.9 Dodging
 * Level 1.5 Stealth
 + Level 3.3 Unarmed Combat
 * Level 2.1 Spellcasting
 * Level 2.4 Transmutations


You had 4 spell levels left.
You knew the following spells:

 Your Spells              Type           Power        Failure   Level  Hunger
a - Beastly Appendage     Tmut           #.....       12%         1    ##.....


Dungeon Overview and Level Annotations

Branches:
Dungeon (2/15)

Altars:


Innate Abilities, Weirdness & Mutations

You cannot wear armour.
You are incapable of wielding weapons or throwing items.
Your paws allow you to move quietly. (Stealth)
You have sharp claws.
You have razor-sharp teeth.
You have supernaturally acute eyesight. (SInv)
You are carnivorous and can eat meat at any time.
You cover ground quickly.
You are covered in fur. (AC +1)
You have a slow metabolism.
Your sharp claws are effective at attacking unaware monsters.


Message History

The giant cockroach is moderately wounded.
The adder barely misses you. The giant cockroach closely misses you.
You closely miss the giant cockroach.
The giant cockroach is moderately wounded.
The adder barely misses you.
The giant cockroach completely misses you.
You completely miss the giant cockroach.
You bite the giant cockroach, but do no damage.
The giant cockroach is moderately wounded.
The adder bites you.
* * * LOW HITPOINT WARNING * * *
You are lethally poisoned!
The adder poisons you!
The giant cockroach completely misses you.
You miss the adder.
The adder is lightly wounded.
* * * LOW HITPOINT WARNING * * *
You feel sick. The adder closely misses you.
The giant cockroach closely misses you. The adder bites you.
You die...

#..........#
+..........#
#..........#
+..........#
#/.........#
#..........#
#...Ss...... #@# #.#
###.# #...# #.#.#
##.#.#### #.......#
###################.#
...............# #.#


You could see an adder and a giant cockroach.

Vanquished Creatures
  A dart slug (D:1)
  A leopard gecko (D:1)
  2 giant cockroaches (D:1)
  3 goblins (D:1)
  2 hobgoblins (D:1)
  3 kobolds (D:1)
  3 bats (D:1)
  A frilled lizard (D:1)
  2 rats (D:1)
18 creatures vanquished.

Notes
Turn   | Place    | Note
-------+----------+-------------------------------------------
     0 | D:1      | Leonis the Felid Transmuter began the quest for the Orb.
     0 | D:1      | Reached XP level 1. HP: 9/9 MP: 4/4
     0 | D:1      | Upgraded the game from 0.20-a0-493-g19c8d8d to 0.20-a0-494-gf50ee04
   397 | D:1      | Reached XP level 2. HP: 11/12 MP: 6/6
   939 | D:1      | Reached skill level 1 in Stealth
  1427 | D:2      | Slain by an adder

Vault maps used:
D:1:      dpeg_arrival_radiant, grunt_decor_fettered, nrook_mini_backslash

Skill      XL: |  1  2 |
---------------+-------+-----
Stealth        | 1 |  1.5
Fighting       | |  1.3
Dodging        | |  2.9
Unarmed Combat | |  3.3
Spellcasting   | |  2.1
Transmutations | |  2.4

Action                   || total
-------------------------++-------
Melee: Unarmed           ||    78
       Bite              ||     4
 Stab: Sleeping          ||     4
  Eat: Chunk             ||     8
Armor: Skin              ||     2
Dodge: Dodged            ||    78
